Kradschützen Motorcycle Team
Construct Light Support Kompanie
Selects Armored Support Battlegroup
Selects Armored Support Battlegroup
le.IG 18 Mechanized Group
Selects Flammpanzer III Medium Tank
Construct Panzerarmee Kommand
Kradschützen Motorcycle Team
Flak 36 Anti-tank Gun Team
Selects Command Panzer IV F Medium Tank
Selects Vehicle Awareness
Kradschützen Motorcycle Team
Flak 36 Anti-tank Gun Team
Selects Stuka Anti-tank Loiter
Flammpanzer III Medium Tank
Flammpanzer III Medium Tank